Map: New Repugnancy LE

Players

Wittgenstein

  • Race: Protoss Protoss
  • League: Platinum
  • Spawn Location: 7:00

Sketchaphone - Winner!

  • Race: Zerg Zerg
  • League: Gold
  • Spawn Location: 1:00

VOD

Have the link to the VOD?

Description

Time

  • Played on: Feb. 2, 2019, 9:12 a.m.
  • Length: 16:06
Show
View Real Time Build Order
Export as new Build Order

Wittgenstein Protoss 

Build Orders:  

Get SALT Encoding   

  12  0:02  Probe  
  13  0:10  Probe  
  14  0:24  Pylon  
  14  0:37  Probe  
  15  0:49  Probe  
  16  0:52  Gateway  
  16  0:58  Probe  
  16  1:02  Forge  
  17  1:06  Probe  
  18  1:19  Pylon  
  18  1:30  Assimilator  
  18  1:35  Assimilator  
  18  1:49  Photon Cannon  
  18  1:51  Photon Cannon  
  18  2:00  Probe  
  19  2:09  Probe  
  20  2:17  Probe  
  21  2:27  Probe, Cybernetics Core  
  22  2:39  Probe  
  23  2:55  Pylon  
  23  3:13  Probe  
  24  3:22  Nexus  
  24  3:25  Probe  
  25  3:28  Stargate  
  25  3:37  Photon Cannon, Probe  
  25  3:39  Photon Cannon  
  26  3:42  Shield Battery  
  26  3:44  Shield Battery  
  26  3:49  Probe  
  27  3:59  Stalker  
  27  4:01  Probe  
  30  4:17  Pylon  
  30  4:26  Pylon  
  30  4:30  Probe x2  
  30  4:32  Assimilator  
  30  4:38  Probe x2  
  34  4:47  Probe  
  34  4:48  Probe  
  35  4:59  Probe  
  35  5:00  Probe  
  35  5:03  Shield Battery  
  36  5:08  Void Ray  
  36  5:14  Shield Battery  
  36  5:16  Shield Battery, Assimilator  
  40  5:21  Warp Gate  
  40  5:31  Probe x2  
  40  5:33  Stargate  
  42  5:36  Stargate  
  42  5:43  Probe  
  43  5:59  Pylon  
  43  6:22  Phoenix x3  
  49  6:29  Probe x2  
  51  6:41  Probe x2  
  53  6:47  Phoenix x3  
  53  6:50  Robotics Facility  
  53  6:53  Probe x2  
  61  6:57  Protoss Air Weapons Level 1  
  61  7:05  Probe x2  
  63  7:17  Probe x2  
  65  7:32  Fleet Beacon  
  65  7:35  Oracle  
  68  7:41  Pylon  
  68  7:46  Pylon  
  68  7:51  Warp Prism  
  68  7:57  Oracle  
  73  8:15  Carrier  
  73  8:17  Cybernetics Core  
  73  8:22  Photon Cannon  
  73  8:25  Photon Cannon  
  79  8:29  Photon Cannon  
  79  8:38  Photon Cannon  
  79  8:39  Carrier  
  79  8:41  Photon Cannon  
  79  8:44  Pylon  
  47  9:36  Probe x2  
  39  9:48  Carrier, Probe x2  
  41  9:53  Carrier  
  38  10:00  Probe  
  51  10:15  Probe x2  
  53  10:23  Probe  
  53  10:24  Probe  
  53  10:27  Nexus  
  55  10:33  Probe x2  
  56  10:45  Probe  
  56  10:46  Probe  
  58  10:57  Probe  
  58  10:58  Probe  
  60  11:09  Probe  
  60  11:10  Probe  
  62  11:14  Nexus  
  62  11:15  Observer  
  63  11:21  Probe  
  63  11:22  Probe  
  63  11:33  Probe  
  63  11:36  Observer  
  49  12:06  Probe x2  
  51  12:18  Probe  
  51  12:19  Probe  
  53  12:26  Probe  
  53  12:27  Probe x2  
  54  12:31  Pylon  
  54  12:34  Pylon, Probe  
  54  12:35  Probe x2  
  54  12:43  Probe  
  57  12:44  Probe  
  57  12:45  Probe  
  60  12:54  Probe  
  60  12:56  Probe  
  60  12:57  Probe  
  63  12:59  Gateway x2  
  63  13:00  Gateway  
  63  13:02  Probe  
  63  13:08  Probe  
  63  13:09  Probe  
  63  13:10  Probe  
  67  13:20  Probe  
  67  13:21  Probe x2  
  70  13:33  Probe x2  
  72  13:48  Probe  
  72  13:49  Gateway  
  72  13:52  Forge  
  73  13:56  Probe  
  74  14:06  Probe  
  75  14:10  Probe x2  
  77  14:17  Assimilator  
  77  14:18  Probe  
  77  14:21  Nexus, Assimilator  
  77  14:22  Probe x2  
  77  14:23  Pylon, Assimilator  
  86  14:24  Carrier  
  86  14:25  Assimilator  
  86  14:26  Pylon  
  86  14:30  Probe  
  87  14:32  Pylon  
  87  14:36  Pylon  
  71  15:07  Probe  
  72  15:15  Probe  
  73  15:23  Probe  
  73  15:24  Photon Cannon  
  73  15:25  Photon Cannon  
  74  15:28  Photon Cannon  
  74  15:30  Photon Cannon  
  74  15:32  Photon Cannon  
  74  15:34  Probe  
  75  15:35  Shield Battery  
  75  15:36  Assimilator  
  75  15:38  Shield Battery  
  75  15:42  Shield Battery  
Show
View Real Time Build Order
Export as new Build Order

Sketchaphone Zerg - Winner!

Build Orders: Hatch First 

Get SALT Encoding   

  12  0:02  Drone  
  13  0:14  Overlord  
  13  0:18  Drone  
  14  0:32  Drone x2  
  16  0:38  Drone  
  17  0:58  Hatchery  
  17  1:02  Drone  
  17  1:04  Extractor  
  16  1:15  Drone  
  17  1:25  Spawning Pool  
  17  1:26  Drone  
  17  1:35  Drone  
  18  1:46  Drone  
  19  2:01  Overlord, Drone  
  20  2:02  Drone  
  21  2:17  Metabolic Boost  
  21  2:19  Queen  
  21  2:21  Drone  
  24  2:29  Zergling x2  
  25  2:30  Drone x2  
  26  2:40  Drone  
  26  2:41  Zergling x2  
  28  2:46  Drone  
  29  2:59  Queen  
  29  3:01  Drone  
  29  3:02  Overlord  
  29  3:03  Drone  
  33  3:19  Extractor  
  32  3:20  Drone  
  32  3:21  Overlord  
  32  3:24  Queen  
  35  3:27  Drone  
  35  3:28  Drone  
  35  3:29  Drone  
  38  3:42  Drone  
  38  3:43  Drone x2  
  38  3:48  Queen  
  43  3:56  Drone  
  43  3:58  Zergling x2  
  44  4:04  Drone  
  44  4:06  Zergling x2  
  46  4:16  Spore Crawler  
  46  4:17  Drone x3  
  46  4:20  Overlord  
  46  4:22  Hatchery  
  47  4:25  Evolution Chamber  
  47  4:26  Evolution Chamber  
  47  4:27  Extractor  
  44  4:31  Baneling Nest, Drone  
  44  4:34  Extractor  
  44  4:35  Extractor  
  42  4:46  Drone  
  42  4:48  Zergling x2, Drone  
  45  4:53  Overlord  
  45  5:03  Drone x2  
  45  5:04  Drone x5  
  45  5:07  Zerg Melee Weapons Level 1, Zerg Ground Armor Level 1  
  52  5:14  Spore Crawler  
  52  5:17  Lair  
  52  5:20  Drone x2  
  53  5:31  Zergling x2  
  53  5:32  Zergling x4  
  53  5:34  Drone  
  53  5:35  Zergling x4  
  59  5:37  Drone  
  59  5:38  Drone x2  
  62  5:50  Queen  
  62  5:51  Drone x3  
  62  5:52  Overlord  
  67  6:00  Pneumatized Carapace  
  67  6:02  Zergling x4  
  67  6:03  Overlord  
  69  6:19  Hydralisk Den  
  69  6:24  Overlord x2  
  68  6:29  Queen x2  
  68  6:32  Evolution Chamber  
  71  6:37  Spore Crawler, Drone x2  
  71  6:38  Spore Crawler  
  70  6:40  Overlord, Spore Crawler  
  70  6:41  Spore Crawler  
  70  6:42  Drone  
  70  6:46  Overlord  
  69  7:13  Overlord  
  69  7:15  Overlord  
  69  7:16  Hydralisk x8  
  69  7:21  Grooved Spines  
  69  7:22  Drone  
  86  7:25  Zerg Missile Weapons Level 1  
  86  7:29  Drone  
  88  7:30  Drone x2  
  88  7:31  Drone  
  90  7:51  Drone  
  90  7:52  Overlord  
  90  7:53  Hydralisk x3  
  94  8:08  Baneling x11  
  94  8:09  Zergling x22  
  105  8:16  Overseer  
  105  8:22  Overlord x2  
  105  8:26  Zerg Ground Armor Level 2  
  105  8:28  Drone x2  
  105  8:32  Overlord  
  105  8:33  Muscular Augments  
  86  9:18  Zergling x24  
  86  9:21  Zergling x2  
  86  9:23  Zerg Missile Weapons Level 2  
  98  9:27  Infestation Pit  
  97  9:35  Zerg Melee Weapons Level 2  
  97  9:36  Zergling x6  
  94  9:43  Hydralisk x3  
  84  10:08  Hive  
  84  10:09  Neural Parasite, Burrow  
  79  10:14  Infestor  
  79  10:15  Infestor  
  79  10:16  Zergling x18  
  91  10:32  Overlord x2  
  91  10:39  Overlord  
  91  10:45  Overlord  
  91  10:50  Hydralisk x7  
  91  10:53  Overlord, Hatchery  
  104  11:01  Hatchery  
  103  11:05  Hydralisk x2  
  107  11:28  Pathogen Glands  
  106  11:37  Hydralisk x9  
  117  11:43  Queen  
  117  11:44  Queen x2, Spore Crawler x2  
  117  11:46  Spore Crawler x2  
  113  11:47  Spore Crawler  
  113  11:49  Spore Crawler  
  107  12:05  Zergling x18  
  110  12:17  Drone  
  110  12:18  Extractor  
  110  12:20  Extractor  
  108  12:34  Spire  
  107  12:37  Adrenal Glands  
  107  12:40  Drone x2  
  109  12:45  Drone x12  
  121  13:14  Zerg Melee Weapons Level 3  
  121  13:18  Hydralisk  
  121  13:19  Hydralisk  
  125  13:20  Hydralisk  
  125  13:21  Hydralisk x2  
  131  13:28  Overlord  
  131  13:29  Overlord  
  131  13:32  Hydralisk  
  133  13:55  Viper  
  133  13:58  Corruptor x4  
  142  14:09  Zergling x16  
  147  15:04  Zergling x12  
  147  15:05  Zergling x32  
  164  15:14  Zergling x4  
  164  15:37  Corruptor  
Tags
 
Matchup
PvZ
Replay Pack
init
Spawn Locations
Cross Positions
Add a new tag
Caveats
  • Supply blocks, unpowered buildings, or Contaminate may cause inaccurate times.
  • Supply counts are checked every 10 seconds.